 Dungeon Crawl Stone Soup version 0.22-a0-587-g7d32d7c7ae (webtiles) character file.

1915 Banto the Transmogrifier (level 9, -4/53 HPs)
             Began as an Octopode Transmuter on July 5, 2018.
             Slain by a spriggan baker
             ... wielding a +0 dagger
              (11 damage)
             ... on level 7 of the Dungeon.
             The game lasted 00:11:01 (7354 turns).

Banto the Transmogrifier (Octopode Transmuter)      Turns: 7354, Time: 00:11:02

Health: -4/53      AC:  2    Str:  8    XL:     9   Next: 16%
Magic:  9/12       EV: 20    Int: 14    God:
Gold:   309        SH:  0    Dex: 19    Spells: 1/12 levels left

rFire    . . .     SeeInvis .     - Unarmed
rCold    + . .     Gourm    .   (shield currently unavailable)
rNeg     . . .     Faith    .   (helmet currently unavailable)
rPois    x         Spirit   .   (no amulet)
rElec    .         Reflect  .   k - ring of protection from cold
rCorr    .         Harm     .   (no ring)
MR       .....                  (no ring)
Stlth    ++........             (no ring)
HPRegen  0.17/turn              (no ring)
MPRegen  0.13/turn              (no ring)
                                (no ring)
                                (no ring)

@: spider-form
A: tiny, almost no armour, stealthy swim, (amphibious), 8 rings, (constrict 8),
dopey 1, weak 1, evolution 1
a: End Transformation


You were on level 7 of the Dungeon.
You were hungry.
You were a venomous arachnid creature.
You visited 2 branches of the dungeon, and saw 8 of its levels.

You collected 309 gold pieces.

Inventory:

Missiles
 a - 119 arrows
 e - 4 curare-tipped needles
 t - a throwing net (quivered)
Armour
 r - a +0 buckler
Jewellery
 k - a ring of protection from cold (left front leg)
Wands
 m - a wand of flame (26)
Scrolls
 b - a scroll of remove curse
 f - 2 scrolls of enchant weapon
 j - a scroll of fog
 o - a scroll of teleportation
 p - 3 scrolls of blinking
 q - a scroll of magic mapping
Potions
 d - a potion of flight
 g - a potion of haste
 h - 2 potions of heal wounds
 i - 2 potions of ambrosia
 l - 4 potions of curing
 s - a potion of brilliance
Comestibles
 c - 11 rations


   Skills:
 - Level 1.0 Fighting
 - Level 2.0 Dodging
 - Level 8.1 Unarmed Combat
 - Level 2.0 Spellcasting
 + Level 8.5 Transmutations
 + Level 3.6 Poison Magic


You had one spell level left.
You knew the following spells:

 Your Spells              Type           Power        Failure   Level  Hunger
a - Beastly Appendage     Tmut           ####..       4%          1    ##.....
b - Sticks to Snakes      Tmut           ####....     5%          2    ###....
c - Spider Form           Tmut/Pois      ###.......   17%         3    ####...
d - Blade Hands           Tmut           ####......   41%         5    ######.

Your spell library contained the following spells:

 Spells                   Type           Power        Failure   Level  Hunger
 Summon Small Mammal      Summ           #...         45%         1    ##.....
 Summon Ice Beast         Ice/Summ       #.......     98%         4    #####..
 Call Imp                 Summ           #.......     56%         2    ###....
 Ice Form                 Ice/Tmut       ##......     61%         4    #####..
 Call Canine Familiar     Summ           #.......     77%         3    ####...
 Summon Lightning Spire   Summ/Air       #.......     98%         4    #####..
 Summon Guardian Golem    Hex/Summ       #.......     77%         3    ####...


Dungeon Overview and Level Annotations

Branches:
Dungeon (7/15)             Temple (1/1) D:6

Altars:
Dithmenos
Elyvilon
Fedhas
Gozag
Hepliaklqana
Kikubaaqudgha
Makhleb
Okawaru
Ru
Sif Muna
Trog
Uskayaw
Vehumet
Wu Jian
Xom
Yredelemnul
Zin
The Shining One

Shops:
D:4 [   D:5 }   D:7 [


Innate Abilities, Weirdness & Mutations

You cannot wear most types of armour.
You are very stealthy in the water. (Stealth+)
((You are amphibious.))
You can wear up to eight rings at the same time.
((You can use your tentacles to constrict eight enemies at once.))
((Your skin changes colour to match your surroundings (Stealth+).))
((Your rubbery body absorbs attacks. (AC +1, EV +1)))
((Your flesh is cold resistant. (rC+)))
You are dopey. (Int -2)
You are weak. (Str -2)
You evolve.


Message History

You closely miss the spriggan baker.
The spriggan baker is moderately wounded.
You miss the spriggan baker.
The spriggan baker is moderately wounded.
The spriggan baker hits you with a dagger.
You take 1 damage, and have 27/53 hp.
You miss the spriggan baker.
The spriggan baker is moderately wounded.
The spriggan baker hits you with a dagger!
You take 11 damage, and have 16/53 hp.
MASSIVE DAMAGE!!
You hit the spriggan baker but do no damage.
The spriggan baker is poisoned.
The spriggan baker is moderately wounded.
The spriggan baker hits you with a dagger!
* * * LOW HITPOINT WARNING * * *
You take 9 damage, and have 7/53 hp.
You barely miss the spriggan baker.
The spriggan baker is moderately wounded.
The spriggan baker hits you with a dagger!
You die...

....####.##...#......########...
..........+...+.............'...
....####.##...#......######.#...
.. #.##...###.#### #.#... ..
#.##...###..########+#...
...######.#......................
..........#.##.##....#.).........
+#.....####.#####.##.#.........##
#.###.####.#%..s.##...#####.###
#........#%#i#####.......)#
#......### #######........#
#<.......'.# #...........)#
#.#......#######.....(.####.###
...+....................# #....#
.. #....................# #....#
. #......#####.......### #....#
#......#(..#.......# #....#


You could see a spriggan baker.

Vanquished Creatures
  Purgy (D:3)
  A sky beast (D:5)
  A phantom (D:5)
  3 ogres
  A centaur (D:5)
  2 crocodiles (D:7)
  Blork the orc (D:4)
  A bullfrog (D:6)
  A gnoll sergeant (D:6)
  A jelly (D:6)
  2 scorpions
  3 wights (D:7)
  A howler monkey (D:6)
  A crimson imp (D:5)
  A bullfrog zombie (D:5)
  3 hounds
  4 orc priests
  A bullfrog skeleton (D:5)
  3 orc wizards
  2 iguanas
  6 gnolls
  5 adders
  2 oozes
  5 worms
  A dart slug (D:2)
  A leopard gecko (D:7)
  14 orcs
  2 ball pythons
  3 giant cockroaches
  7 goblins
  9 hobgoblins
  6 jackals
  8 kobolds
  2 quokkas
  14 bats
  2 frilled lizards
  11 rats
132 creatures vanquished.

Vanquished Creatures (collateral kills)
  A worker ant zombie (D:5)
1 creature vanquished.

Vanquished Creatures (others)
  A human (D:5)
1 creature vanquished.

Grand Total: 134 creatures vanquished

Notes
Turn   | Place    | Note
-------+----------+-------------------------------------------
     0 | D:1      | Banto the Octopode Transmuter began the quest for the Orb.
     0 | D:1      | Reached XP level 1. HP: 13/13 MP: 3/3
    99 | D:1      | Reached XP level 2. HP: 15/18 MP: 3/5
   614 | D:1      | Reached XP level 3. HP: 23/23 MP: 6/6
  1017 | D:1      | You fall through a shaft!
  1740 | D:2      | Reached XP level 4. HP: 28/28 MP: 7/7
  1748 | D:2      | Learned a level 2 spell: Sticks to Snakes
  1752 | D:2      | Learned a level 3 spell: Spider Form
  2640 | D:3      | Noticed Purgy
  2781 | D:3      | Reached XP level 5. HP: 28/33 MP: 8/8
  2908 | D:3      | Killed Purgy
  3080 | D:4      | Reached skill level 5 in Unarmed Combat
  3080 | D:4      | Reached XP level 6. HP: 27/38 MP: 9/9
  3091 | D:3      | Found a shadowy altar of Dithmenos.
  3522 | D:4      | Found a shadowy altar of Dithmenos.
  3533 | D:4      | Noticed Blork the orc
  3629 | D:4      | Reached skill level 5 in Transmutations
  3737 | D:4      | Found a basalt altar of Yredelemnul.
  3815 | D:4      | Reached XP level 7. HP: 10/43 MP: 7/10
  4048 | D:4      | Found Mocrya's Antique Armour Shoppe.
  4161 | D:4      | Killed Blork the orc
  4373 | D:5      | Entered Level 5 of the Dungeon
  4743 | D:5      | Reached XP level 8. HP: 42/48 MP: 8/11
  5422 | D:5      | Found an ancient bone altar of Kikubaaqudgha.
  5530 | D:5      | Found Sapp's Gadget Shop.
  6097 | D:6      | Found a staircase to the Ecumenical Temple.
  6175 | Temple   | Entered the Ecumenical Temple
  6520 | D:6      | Learned a level 5 spell: Blade Hands
  6665 | D:6      | Found a white marble altar of Elyvilon.
  6669 | D:6      | Reached skill level 1 in Poison Magic
  6672 | D:6      | Found a shimmering altar of Xom.
  6853 | D:7      | Reached XP level 9. HP: 41/53 MP: 12/12
  6970 | D:7      | Found Xeubu's Antique Armour Boutique.
  7032 | D:7      | Gained mutation: You evolve. [potion of mutation]
  7032 | D:7      | Gained mutation: You are weak. (Str -2) [potion of mutation]
  7032 | D:7      | Gained mutation: You are dopey. (Int -2) [potion of mutation]
  7032 | D:7      | Gained mutation: Your flesh is cold resistant. (rC+) [potion of mutation]
  7114 | D:7      | Noticed a hand axe
  7115 | D:7      | Found a hide-covered altar of Uskayaw.
  7116 | D:7      | Noticed a dagger
  7354 | D:7      | Slain by a spriggan baker

Vault maps used:
D:1:      dpeg_arrival_arbitrary_c, minmay_misc_feat_plants, minmay_heptomino_h4
D:3:      lemuel_upstairs_altar, first_ration, uniq_purgy
D:4:      nicolae_overflow_crystal_walls, yredelemnul_altar_generic,
          serial_shops, kennysheep_mini_moat, hangedman_decor_clover_reticule,
          uniq_blork_the_orc
D:5:      serial_shops, shop, serial_park_tiny_2, minmay_misc_feat_rows,
          tgw_kikubaaqudgha
D:6:      minitemple, temple_statues, roderic_roman_lattice, minivault_11
D:7:      nicolae_qazlal_general_emergency, dancing_weapons_uskayaw,
          serial_shops, shop, the_bakery, hangedman_abyss_or_decor_slice,
          uniq_pikel
Temple:   dshaligram_water_room_temple

Skill      XL: |  1  2  3  4  5  6  7  8  9 |
---------------+----------------------------+-----
Transmutations | 3 4 5 6 8 |  8.5
Unarmed Combat | 4 5 6 8 |  8.1
Poison Magic   | 2 3 |  3.6
Fighting       | |  1.0
Dodging        | |  2.0
Spellcasting   | |  2.0

Action                   |  1- 3 |  4- 6 |  7- 9 || total
-------------------------+-------+-------+-------++-------
Melee: Unarmed           |   106 |   117 |   176 ||   399
       Constrict         |    29 |    26 |    14 ||    69
       Tentacles         |    14 |    15 |    17 ||    46
       Kick              |     6 |     7 |     5 ||    18
       Punch             |     1 |     1 |     5 ||     7
 Cast: Beastly Appendage |     5 |     6 |     4 ||    15
       Spider Form       |       |     3 |    13 ||    16
       Sticks to Snakes  |       |       |     3 ||     3
       Blade Hands       |       |       |     1 ||     1
Evoke: Wand              |       |       |     2 ||     2
  Use: Scroll            |     4 |     6 |     6 ||    16
       Potion            |       |       |     1 ||     1
 Stab: Sleeping          |     6 |     7 |     4 ||    17
  Eat: Chunk             |     2 |     6 |    11 ||    19
       Ration            |       |       |     1 ||     1
Armor: Skin              |    27 |     9 |     4 ||    40
Dodge: Dodged            |   103 |    65 |   106 ||   274

Table legend:
 A = Spawn XP
 B = Non-spawn XP
 C = Spawn XP percentage of total XP
 D = Spawn monster count
 E = Non-spawn monster count
 F = Spawn count percentage of total count
 G = Total turns spent on level
                    A         B        C        D         E        F      G
               +---------+---------+-------+---------+---------+-------+---------
         Total |       0 |    2736 |   0.0 |       0 |     133 |   0.0 |  7354
               +---------+---------+-------+---------+---------+-------+---------
           D:1 |       0 |      40 |   0.0 |       0 |      24 |   0.0 |  1148
           D:2 |       0 |      54 |   0.0 |       0 |      29 |   0.0 |  1056
           D:3 |       0 |     216 |   0.0 |       0 |      18 |   0.0 |   884
           D:4 |       0 |     592 |   0.0 |       0 |      20 |   0.0 |  1609
           D:5 |       0 |     784 |   0.0 |       0 |      15 |   0.0 |  1044
           D:6 |       0 |     560 |   0.0 |       0 |      12 |   0.0 |   731
           D:7 |       0 |     490 |   0.0 |       0 |      15 |   0.0 |   628
               +---------+---------+-------+---------+---------+-------+---------

Table legend:
 A = Turns spent in this place as a percentage of turns spent in the entire game.
 B = Non-inter-level travel turns spent in this place as a percentage of non-inter-level travel turns spent in the entire game.
 C = Inter-level travel turns spent in this place as a percentage of turns spent in this place.
 D = Turns resting spent in this place as a percentage of non-inter-level travel turns spent in this place.
 E = Turns spent auto-exploring this place as a percentage of non-inter-level travel turns spent in this place.
 F = Non-inter-level travel turns spent in this place divided by the number of levels of this place that you've seen.
                   A       B       C       D       E      F
               +-------+-------+-------+-------+-------+----------------------
         Total | 100.0 | 100.0 |   4.3 |  32.1 |  43.9 | 880.0
       Dungeon |  96.5 |  96.7 |   4.1 |  30.9 |  44.4 | 972.9
        Temple |   3.5 |   3.3 |   9.4 |  69.1 |  29.6 | 230.0
               +-------+-------+-------+-------+-------+----------------------

Table legend:
 A = Kills in this place as a percentage of kills in entire the game.
 B = Kills by you in this place as a percentage of kills by you in the entire game.
 C = Kills by friends in this place as a percentage of kills by friends in the entire game.
 D = Other kills in this place as a percentage of other kills in the entire game.
 E = Experience gained in this place as a percentage of experience gained in the entire game.
 F = Experience gained in this place divided by the number of levels of this place that you have seen.
                   A       B       C       D       E      F
               +-------+-------+-------+-------+-------+----------------------
         Total | 100.0 | 100.0 | 100.0 |   N/A | 100.0 | 342.0
       Dungeon | 100.0 | 100.0 | 100.0 |   N/A | 100.0 | 390.9
               +-------+-------+-------+-------+-------+----------------------
